Match 28613996
Unlisted

Match 28613996
End
Construct Barracks
Riflemen Squad
Riflemen Squad
Selects Special Operations Battlegroup
M1 Mortar Team
Infantry Support Center
Selects M29 Weasel with M1 Pack Howitzer
M29 Weasel with M1 Pack Howitzer
Grenade Package
Munitions Surplus
Construct Motor Pool
Riflemen Squad
M1918 Browning Automatic Rifles
Selects P-47 Anti-Infantry Loiter
Construct Weapon Support Center
Selects UNKNOWN (2162291)
Bazooka Squad
Bazooka Squad
Improved M9 Bazooka Rockets
P-47 Anti-Infantry Loiter
CAuMOH
sniper shot reduces your mom lif
ohmygod321
BananaInPajamas
0
0

Comments sign in to comment!

No comments posted yet!